 Dungeon Crawl Stone Soup version 0.29-a0-22-gbf593b16ee (webtiles) character file.

Game seed: 12269516185151318749

371 issech the Cudgeller (level 6, -7/61 HPs)
             Began as a Troll Monk on Jan 29, 2022.
             Mangled by an ogre (25 damage)
             ... on level 4 of the Dungeon.
             The game lasted 00:09:24 (2605 turns).

issech the Cudgeller (Troll Monk)                   Turns: 2605, Time: 00:09:25

Health: -7/61      AC:  4    Str: 20    XL:     6   Next: 42%
Magic:  5/5        EV: 11    Int:  6    God:
Gold:   195        SH:  0    Dex: 14    Spells: 5/5 levels left

rFire   . . .      SeeInvis .   a - +0 mace
rCold   . . .      Faith    .   (no shield)
rNeg    . . .      Spirit   .   b - +0 robe
rPois   +          Reflect  .   (helmet restricted)
rElec   .          Harm     .   (no cloak)
rCorr   .          Rampage  .   (gloves unavailable)
Will    .....                   (boots unavailable)
Stlth   ++........              (no amulet)
HPRegen 1.00/turn               i - ring of wizardry
MPRegen 0.09/turn               l - ring of poison resistance

@: no status effects
A: large, unfitting armour, claws 3, regeneration 1, shaggy fur 1, tough skin 1
a: no special abilities


You were on level 4 of the Dungeon.
You visited 1 branch of the dungeon, and saw 4 of its levels.

You collected 195 gold pieces.

Inventory:

Hand Weapons
 a - a +0 mace (weapon)
 m - a +1 short sword of flaming
Missiles
 e - 59 arrows
 f - 30 stones (quivered)
 g - 42 bolts
 n - 24 sling bullets
 r - 2 poisoned darts
Armour
 b - a +0 robe (worn)
Jewellery
 i - a ring of wizardry (left claw)
 l - a ring of poison resistance (right claw)
Wands
 p - a wand of paralysis (3)
Scrolls
 d - a scroll of enchant weapon {unknown}
 h - a scroll of teleportation {unknown}
 j - 2 scrolls of identify {unknown}
 q - a scroll of summoning {unknown}
Potions
 c - 2 potions of curing {unknown}
 k - a potion of ambrosia {unknown}
 o - a potion of haste {unknown}


   Skills:
 + Level 3.5 Fighting
 + Level 4.9 Maces & Flails
 + Level 3.7 Dodging
 + Level 1.3 Stealth


You had 5 spell levels left.
You didn't know any spells.
Your spell library contained the following spells:

 Spells                   Type           Power      Damage    Failure   Level
 Call Canine Familiar     Summ           0%         N/A       50%         3
 Portal Projectile        Hex/Tloc       0%         N/A       50%         3
 Leda's Liquefaction      Hex/Erth       0%         N/A       86%         4


Dungeon Overview and Level Annotations

Branches:
Dungeon (4/15)
 Temple: D:4-7

Altars:
Fedhas
Okawaru
Uskayaw

Shops:
D:3 [[**


Innate Abilities, Weirdness & Mutations

You are too large for most types of armour.
You have claws for hands.
Your natural rate of healing is unusually fast.
You are covered in fur. (AC +1)
You have tough skin. (AC +1)


Message History

You hit the scorpion.
The scorpion is almost dead.
You feel sick. The scorpion stings you. The scorpion closely misses you.
You hit the scorpion.
You kill the scorpion!
You feel sick.
Your life force feels restored.
You barely miss the orc.
You feel sick.
You are no longer poisoned.
The orc hits you with a +0 hand axe.
You hit the orc.
The orc is heavily wounded.
The orc hits you with a +0 hand axe. The orc hits you but does no damage.
You hit the orc.
You kill the orc!
The hobgoblin completely misses you.
You hit the hobgoblin but do no damage.
The hobgoblin hits you but does no damage.
You closely miss the hobgoblin. The hobgoblin misses you.
You barely miss the hobgoblin. The hobgoblin misses you.
You hit the hobgoblin.
You kill the hobgoblin!
Items here: ) [ ††.
Items here: ) [ ††.
Okay, then.
You start resting.
HP restored.
An ogre comes into view. It is wielding a +0 giant spiked club.
A howler monkey skeleton comes into view.
The helpless ogre fails to defend itself.
You sock the ogre!
The ogre is moderately wounded.
The ogre hits you with a +0 giant spiked club!!
Ouch! That really hurt!
You hit the ogre.
The ogre is moderately wounded.
The ogre hits you with a +0 giant spiked club!
* * * LOW HITPOINT WARNING * * *
The ogre hits you with a +0 giant spiked club!!
You die...

...#.# #.
.#†#.# #.
.....# #Z
...###########.
.### #....)..#.
.# #.#####.#.
.# #.# #.#.###
.#####.#
#.#.O.#
.....#.#
#.###@#
####.#.#
#.###.# #...#
#.....# #####
#######


You could see an ogre.

Vanquished Creatures
  A scorpion (D:4)
  A water moccasin skeleton (D:4)
  2 wights (D:4)
  2 orc wizards (D:4)
  4 adders
  3 worms (D:2)
  4 dart slugs
  6 orcs
  9 endoplasms
  3 giant cockroaches (D:1)
  4 goblins
  10 hobgoblins
  2 jackals (D:2)
  2 kobolds
  5 quokkas
  4 ball pythons
  7 bats
  3 frilled lizards
  3 rats
75 creatures vanquished.

Notes
Turn   | Place    | Note
-------+----------+-------------------------------------------
     0 | D:1      | issech the Troll Monk began the quest for the Orb.
     0 | D:1      | Reached XP level 1. HP: 22/22 MP: 0/0
    98 | D:1      | Reached XP level 2. HP: 29/29 MP: 1/1
   152 | D:1      | Reached skill level 3 in Maces & Flails
   342 | D:1      | Reached XP level 3. HP: 31/36 MP: 2/2
  1202 | D:2      | Reached XP level 4. HP: 44/44 MP: 3/3
  1426 | D:3      | Found Qeyczano's Distillery.
  1433 | D:3      | Found Iriuch's Antique Armour Shop.
  1806 | D:3      | Found Nebeotzie's Assorted Antiques.
  1811 | D:3      | Found Hus Buenn's Antique Armour Boutique.
  1835 | D:3      | Found a blossoming altar of Fedhas.
  1914 | D:3      | Found Icamus's General Store.
  1955 | D:3      | Noticed a +0 spear
  1955 | D:3      | Noticed a +0 spear
  1956 | D:3      | Noticed a +0 short sword
  1956 | D:3      | Noticed a +0 short sword
  1956 | D:3      | Noticed a +0 dagger
  1956 | D:3      | Noticed a +0 falchion
  1956 | D:3      | Noticed a +0 falchion
  1967 | D:3      | Found a hide-covered altar of Uskayaw.
  1971 | D:3      | Noticed a +0 dagger
  2206 | D:4      | Found an iron altar of Okawaru.
  2273 | D:4      | Reached skill level 4 in Maces & Flails
  2273 | D:4      | Reached XP level 5. HP: 51/53 MP: 4/4
  2436 | D:4      | Reached XP level 6. HP: 30/59 MP: 5/5
  2605 | D:4      | Mangled by an ogre

Illustrated notes

Levels and vault maps discovered:
D:1:      minmay_arrival_checkered_box, layout_basic, st_stairs_3,
          hex_intersection
D:2:      layout_loops_ring, corexii_leaking_fountain
D:3:      minmay_door_path, layout_rooms, nicolae_uskayaw_en_pointe,
          fedhas_altar_2, serial_curves, eino_curves_01, eino_curves_03,
          eino_curves_04, eino_curves_04, serial_shops,
          nicolae_shop_hallway_stairs, shop, shop, shop_statue, shop
D:4:      layout_basic, mainiacjoe_overflow_chevrons, minmay_temple_entry_hall,
          minmay_misc_feat_rugged

Skill      XL: |  1  2  3  4 |
---------------+-------------+-----
Maces & Flails | 3 4 |  4.9
Fighting       | 3 |  3.5
Dodging        | 3 |  3.7
Stealth        | |  1.3

Action                   |  1- 3 |  4- 6 || total
-------------------------+-------+-------++-------
Melee: Mace              |   114 |   176 ||   290
       Punch             |     1 |     2 ||     3
 Stab: Sleeping          |       |     2 ||     2
Armor: Robe              |    53 |    70 ||   123
Dodge: Dodged            |    81 |   139 ||   220

Table legend: (Time is in decaauts)
 A = Elapsed time spent in this place.
 B = Non-inter-level travel time spent in this place.
 C = Inter-level travel time spent in this place.
 D = Time resting spent in this place.
 E = Time spent auto-exploring this place.
 F = Levels seen in this place.
 G = Mean time per level.
                   A        B        C        D        E       F      G
               +--------+--------+--------+--------+--------+-----+--------+
         Total |   2665 |   2646 |     19 |     77 |    829 |   4 |  666.2 |
       Dungeon |   2665 |   2646 |     19 |     77 |    829 |   4 |  666.2 |
               +--------+--------+--------+--------+--------+-----+--------+

Top non-repeatable levels by time:
     D:3: 866 daAuts
     D:2: 814 daAuts
     D:1: 539 daAuts
     D:4: 444 daAuts
